 Dungeon Crawl Stone Soup version 0.11.0-9-gb634444 (webtiles) character file.

1727249 AbSynth the Meteorologist (level 27, 179/179 (185) HPs)
             Began as a Demonspawn Wizard on Jan 13, 2013.
             Was the Champion of Sif Muna.
             Escaped with the Orb
             ... and 4 runes on Feb 10, 2013!
             The game lasted 1day 04:59:18 (151064 turns).

AbSynth the Meteorologist (Demonspawn Wizard)  Turns: 151064, Time: 1, 04:59:18

HP 179/179 (185) AC 30     Str 18      XL: 27
MP  46/48        EV 12     Int 36      God: Sif Muna [******]
Gold 2418        SH 13     Dex  9      Spells: 17 memorised,  0 levels left

Res.Fire  : + . .   See Invis. : +   a - +5,+8 sabre "Skuicwu" {flame, +Blink rPois Res.Cold : + + + Warding : . A - +2 leather armour "Toeleid" {Int+3 Acc+2} Life Prot.: + + + Conserve : + K - +3 elf buckler {rPois}
Res.Poison: +       Res.Corr.  : +   M - +2 helmet of the Lotus Blossom {rN+ MR Dex Res.Elec. : . Clarity : . U - +2 cloak {rCorr, Cons}
Sust.Abil.: . .     Spirit.Shd : .   k - +2 pair of gauntlets {Str+3}
Res.Mut.  : +       Stasis     : .   (boots unavailable)
Res.Rott. : +       Ctrl.Telep.: x   z - amulet of resist mutation
Saprovore : . . .   Levitation : .   m - cursed ring of Vitality {Regen HP+15} Ctrl.Flight: .
                                     s - +5 ring of intelligence

@: lich-form, repel missiles, delayed fireball, quick, incredibly resistant to
hostile enchantments, fairly stealthy
A: talons 3, cold resistance 1, conserve potions, nightstalker 3, passive
freeze, powered by death 3, AC +10, Str +1, Dex -3
a: End Transformation, Channel Energy, Forget Spell, Renounce Religion, Release
Delayed Fireball, Evoke Blink
}: 4/15 runes: barnacled, slimy, silver, gossamer


You escaped.
You worshipped Sif Muna.
Sif Muna was exalted by your worship.
You were not hungry.
You were in lich-form.
You visited 14 branches of the dungeon, and saw 82 of its levels.
You visited the Abyss 1 time.
You also visited: Labyrinth, Trove, Sewer and Wizlab.

You collected 9214 gold pieces.
You spent 6816 gold pieces at shops.

Inventory:

Hand weapons
 a - the +5,+8 sabre "Skuicwu" (weapon) {flame, +Blink rPois rF+ rC++}
   (You bought it in a shop on level 1 of the Elven Halls)

   It emits flame when wielded, causing extra injury to most foes and up to
   double damage against particularly susceptible opponents.
   Big, fiery blades are also staple armaments of hydra-hunters.
   It protects you from fire.
   It greatly protects you from cold.
   It protects you from poison.
   It lets you blink.
 n - the cursed +2,+4 dagger of Wyrd (quivered) {slay orc, rElec}
   (You took it off a deep elf conjurer on level 3 of the Elven Halls)

   It is especially effective against all of orcish descent.
   It insulates you from electricity.
   It has a curse placed upon it.
Armour
 k - a +2 pair of gauntlets of strength (worn)
 A - the +2 leather armour "Toeleid" (worn) {Int+3 Acc+2}
   (You found it in a labyrinth)

   It affects your intelligence (+3).
   It affects your accuracy (+2).
 K - a +3 elven buckler of poison resistance (worn)
 M - the +2 helmet of the Lotus Blossom (worn) {rN+ MR Dex-1 SInv Stlth++}
   (You bought it in a shop on level 16 of the Dungeon)

   It affects your dexterity (-1).
   It protects you from negative energy.
   It increases your resistance to enchantments.
   It enhances your eyesight.
   It makes you much more stealthy.
 U - a +2 cloak of preservation (worn)
Magical devices
 t - a wand of lightning (2)
 u - a wand of flame (12)
 I - a wand of teleportation (9)
 R - a wand of hasting (8)
 S - a wand of disintegration (13)
 Y - a wand of digging (10)
Comestibles
 e - 9 bread rations
Scrolls
 h - 10 scrolls of identify
 E - 4 scrolls of remove curse
 G - 4 scrolls of teleportation
 N - 4 scrolls of blinking
 T - a scroll of amnesia
Jewellery
 c - the cursed ring of Geisiump {rC+ rN+}
   (You found it on level 6 of the Pits of Slime)

   [ring of protection from cold]

   It protects you from negative energy.
   It has a curse placed upon it.
 g - the cursed ring of Ateuntiu {Hunger- Dam+3}
   (You bought it in a shop on level 2 of the Orcish Mines)

   [ring of sustenance]

   It affects your damage-dealing abilities (+3).
   It has a curse placed upon it.
 j - a cursed ring of fire
 l - a cursed ring of life protection
 m - the cursed ring of Vitality (right hand) {Regen HP+15}
   (You bought it in a shop on level 20 of the Dungeon)

   [ring of regeneration]

   It affects your health (+15).
   It has a curse placed upon it.
 o - a cursed amulet of conservation
 p - an uncursed ring of sustain abilities
 q - an uncursed ring of sustain abilities
 r - the cursed ring of Smisupp {rF+ rC+ Str+4}
   (You bought it in a shop on level 21 of the Dungeon)

   [ring of strength]

   It affects your strength (+4).
   It protects you from fire.
   It protects you from cold.
   It has a curse placed upon it.
 s - a +5 ring of intelligence (left hand)
 w - a cursed ring of wizardry
 z - an amulet of resist mutation (around neck)
 B - a cursed amulet of stasis
 F - a cursed ring of protection from magic
 P - a cursed amulet of warding
 Z - the cursed ring of Shadows {+Inv rN+ EV+4 Acc-4 SInv Stlth++}
   (You took it off a yaktaur captain on level 4 of the Vaults)

   [ring of invisibility]

   It affects your evasion (+4).
   It affects your accuracy (-4).
   It protects you from negative energy.
   It enhances your eyesight.
   It makes you much more stealthy.
   It has a curse placed upon it.
Potions
 i - 13 potions of curing
 x - 2 potions of resistance
 C - a potion of might
 D - 5 potions of speed
 H - 7 potions of brilliance
 O - 5 potions of restore abilities
 Q - 2 potions of heal wounds
Orbs of Power
 b - the Orb of Zot
Miscellaneous
 f - the horn of Geryon


   Skills:
 - Level 5,0 Fighting
 - Level 8,4 Short Blades
 - Level 5,1 Dodging
 - Level 5,5 Stealth
 - Level 6,6 Shields
 - Level 5,0 Traps & Doors
 + Level 23,8 Spellcasting
 - Level 18,0 Conjurations
   Level 5,0 Hexes
 - Level 10,3 Charms
 - Level 5,0 Summonings
 - Level 19,8 Necromancy
 - Level 5,0 Translocations
 - Level 18,2 Transmutations
 - Level 10,6 Fire Magic
 - Level 5,0 Ice Magic
 O Level 27 Air Magic
 - Level 5,0 Earth Magic
   Level 5,0 Poison Magic
 - Level 16,0 Invocations
 - Level 5,2 Evocations


You couldn't memorise any spells.
You knew the following spells:

 Your Spells              Type           Power        Failure   Level  Hunger
a - Flame Tongue          Conj/Fire      ######       0%          1    N/A
b - Blink                 Tloc           N/A          1%          2    N/A
c - Bolt of Cold          Conj/Ice       ########..   1%          6    N/A
d - Conjure Flame         Conj/Fire      ########.    0%          3    N/A
e - Freezing Cloud        Conj/Ice/Air   #########.   1%          6    N/A
f - Delayed Fireball      Conj/Fire      N/A          1%          7    N/A
g - Iron Shot             Conj/Erth      ########..   1%          6    N/A
h - Haste                 Chrm           ########.    1%          6    N/A
i - Tornado               Air            #########.   2%          9    N/A
k - Fireball              Conj/Fire      ########..   1%          5    N/A
l - Flight                Chrm/Air       #########.   0%          3    N/A
n - Necromutation         Trmt/Necr      #########.   1%          8    N/A
q - Swiftness             Chrm/Air       #########.   0%          2    N/A
r - Repel Missiles        Chrm/Air       #########.   0%          2    N/A
s - Haunt                 Necr/Summ      #########.   4%          7    N/A
t - Control Teleport      Chrm/Tloc      ########..   1%          4    N/A
x - Summon Butterflies    Summ           #######..    1%          1    N/A

Dungeon Overview and Level Annotations

Branches:
Dungeon (27/27)            Temple (1/1) D:5             Orc (4/4) D:11
    Elf (3/3) Orc:4          Lair (8/8) D:8          Shoals (5/5) Lair:5
 Spider (5/5) Lair:3        Slime (6/6) Lair:6       Vaults (8/8) D:14
  Blade (1/1) Vaults:5      Crypt (5/5) Vaults:3       Tomb (3/3) Crypt:2
    Zot (5/5) D:27
    Dis: Hell:1         Geh: Hell:1         Coc: Hell:1         Tar: Hell:1

Altars:
Ashenzari
Cheibriados
Elyvilon
Fedhas
Kikubaaqudgha
Makhleb
Nemelex Xobeh
Okawaru
Sif Muna
Trog
Vehumet
Xom
Yredelemnul
Zin
the Shining One
Beogh
Jiyva

Shops:
D:10: ( D:13: / D:14: [ D:15: ?* D:16: [ D:20: = D:21: = D:27: ? Orc:2: ?= Orc:4: */?/ Elf:1: [( Elf:3: * Vaults:2: [ Abyss: ((

Portals:
Dungeon:
Abyss
Hell: D:21 D:22 D:23 D:24 D:25 D:26 D:27
Abyss: D:21 D:25 D:26 D:27
Pandemonium: D:24 D:27
Ziggurat: D:21 (5020 gp) D:23 (5390 gp)

Annotations
D:2 Terence
D:6 exclusion: door
D:8 exclusion: stone golem
D:11 exclusion: orange crystal statue
Elf:2 exclusion: Roxanne, Roxanne
Shoals:5 Boris, Xtahua
Tomb:3 Mennas


Innate Abilities, Weirdness & Mutations

You have claws for feet.*
You are completely covered in rough black scales (AC +10, Dex -3).*
Your flesh is cold resistant.*
You are very good at protecting items from cold.
You are completely attuned to the shadows.
A frigid envelope surrounds you and freezes all who hurt you.
You can steal the life force of all defeated enemies in sight.
Your muscles are strong (Str +1).


Message History

The rock liquefies and sinks out of sight.
This wand has 10 charges left.
There is an open door here.
Your transformation is almost over.
There is an escape hatch in the ceiling here.
Casting: Swiftness
Confirm with . or Enter, or press ? or * to list all spells.
You feel a surge of power!
You extend your transformation's duration.
A mysterious force pulls you upwards. The hatch slams shut behind you.
Level annotation: Terence You sense a powerful magical force warping space.
There is a stone staircase leading up here.
You climb upwards.
You sense a powerful magical force warping space.
There is a stone staircase leading down here.
There is a staircase leading out of the dungeon here.
Char dumped successfully.
Are you sure you want to win?
You have escaped!

##.............##....##.......# #
#...........####....##.).....#
#...........# #....##.......###
#.######...#####................
#.# #.........).............. #.#
#...######...####.....### #.#
#...# ##### #.....# # #.#
#...#############.....### #.#
#.......L................ #.#
###.#############..>.....
#.########.# #.(......
##........#.# #......##
..........#.# #........
..).......#.# #.....##.
..........#.# #########
........%.#.# #
........).#.#####################


There were no monsters in sight!

Vanquished Creatures
  the royal jelly (Slime:6)
  Khufu (Tomb:3)
  5 orbs of fire
  7 ancient liches
  30 greater mummies
  Saint Roka (Vaults:1)
  Norris (Shoals:2)
  Mara (D:22)
  Margery (Crypt:2)
  A Killer Klown (Zot:5)
  Geryon (Hell)
  5 illusory
  Maras (D:22)
  11 golden dragons
  Arachne (Spider:2)
  Frederick (D:21)
  3 electric golems
  Nikola (Spider:1)
  2 liches (Crypt:5)
  A hellephant (Hell)
  9 tentacled monstrosities
  2 deep elf blademasters (Elf:3)
  19 Orb Guardians (Zot:5)
  6 shadow dragons
  A titan (Vaults:8)
  8 storm dragons
  A shadow dragon (shapeshifter) (Vaults:8)
  13 acid blobs
  2 quicksilver dragons (Vaults:8)
  13 sphinxes
  Rupert (Spider:4)
  Agnes (Elf:1)
  Frances (Shoals:4)
  A Shadow Fiend (Zot:5)
  A draconian monk (Zot:3)
  Aizul (D:15)
  Ilsuiw (Shoals:4)
  7 bone dragons
  Donald (Spider:1)
  13 ghouls
  10 draconian knights
  5 draconian scorchers
  6 frost giants
  A balrug (Zot:5)
  Wiglaf (Shoals:2)
  Louise (D:15)
  6 ghost moths
  2 draconian zealots
  Gastronok (Lair:1)
  2 draconian shifters
  18 azure jellies
  44 stone giants
  3 fire giants
  2 cacodemons
  5 draconian annihilators
  2 quicksilver dragon skeletons
  A curse skull (Crypt:3)
  5 green draconians
  9 grey draconians
  5 red draconians
  5 pale draconians
  5 emperor scorpions
  6 dire elephants (Lair:8)
  8 reapers
  12 deep elf annihilators
  8 black draconians
  5 mottled draconians
  2 deep elf death magi (Elf:3)
  Azrael (D:15)
  A green death (Crypt:1)
  5 purple draconians
  8 yellow draconians
  2 titan zombies
  A minotaur (Lab)
  10 deep elf sorcerers
  5 white draconians
  2 deep elf master archers (Elf:3)
  7 great orbs of eyes
  10 ettins
  2 vampire knights (Crypt:5)
  47 yaktaur captains
  21 dragons
  23 vault guards
  24 mummy priests
  21 death oozes
  2 storm dragon skeletons
  6 sirens
  A golden dragon zombie (Crypt:1)
  Fannar (Spider:1)
  Harold (Orc:2)
  Josephine (D:10)
  2 merfolk aquamancers (Shoals:5)
  6 merfolk javelineers
  8 ice dragons
  10 hydras
  7 death cobs
  Polyphemus (Shoals:3)
  A ravenous item mimic (Vaults:8)
  Nessos (Vaults:1)
  3 deep elf demonologists
  An anaconda (Lair:8)
  A wolf spider zombie (Crypt:1)
  19 ogre magi
  2 sphinx zombies
  An iron dragon zombie (Crypt:3)
  2 rakshasas
  3 merfolk impalers
  A draconian zombie (Zot:5)
  16 death yaks
  4 deep elf high priests (Elf:3)
  27 dancing weapons
  A deep troll (shapeshifter) (Vaults:8)
  3 stone giant zombies
  3 frost giant zombies
  7 very ugly things
  An orc high priest (D:23)
  2 shadow dragon skeletons
  Urug (D:16)
  Nergalle (Orc:4)
  A fire giant zombie (Vaults:4)
  A sphinx skeleton (D:19)
  16 deep trolls
  32 centaur warriors
  6 iron golems
  A frost giant skeleton (Vaults:8)
  5 sun demons
  A catoblepas (D:16)
  15 soul eaters
  8 stone giant skeletons
  A fire giant skeleton (D:21)
  Erolcha (D:9)
  An unseen horror (shapeshifter) (D:26)
  The ghost of Waterpls the Conjurer, an experienced OpWz of Sif Muna (Lair:1)
  2 large abominations
  2 giant orange brains
  13 deep elf knights
  105 skeletal warriors
  5 ice devils
  3 white draconian zombies (Crypt:3)
  5 shadow wraiths
  8 hell knights
  A grey draconian zombie (Crypt:5)
  7 unseen horrors
  7 iron trolls
  34 orc knights
  8 sea snakes
  15 flayed ghosts
  A swamp dragon (shapeshifter) (Vaults:8)
  A dire elephant skeleton (Tomb:2)
  2 grey draconian skeletons
  An ice statue (D:16)
  An iron troll zombie (Vaults:2)
  A vampire mage (Crypt:4)
  A black draconian skeleton (Crypt:1)
  A wizard (D:14)
  A death yak skeleton (Crypt:3)
  2 redback zombies
  A white draconian skeleton (Crypt:3)
  13 necromancers
  19 giant amoebae
  Joseph (D:9)
  3 crystal golems (Crypt:5)
  4 shining eyes
  4 sixfirhies
  5 elves (shapeshifter)
  2 guardian serpents (D:26)
  16 hill giants
  A siren zombie (Tomb:1)
  12 phantasmal warriors
  4 flaming corpses
  3 iron troll skeletons
  A hydra zombie (Crypt:1)
  A harpy (shapeshifter) (Vaults:2)
  A statue (D:21)
  8 red wasps
  A red draconian skeleton (Zot:5)
  31 harpies
  3 spiny worms
  A shining eye (shapeshifter) (D:27)
  39 wolf spiders
  16 orc sorcerers
  8 griffons
  3 oklob plants
  A spiny worm (shapeshifter) (D:15)
  Maurice (D:9)
  A harpy skeleton (D:18)
  3 alligator zombies
  15 cyclopes
  2 dragon zombies
  3 hydra skeletons
  A black mamba (shapeshifter) (D:21)
  A red wasp zombie (Crypt:1)
  2 trapdoor spider zombies (Tomb:2)
  An elephant slug (Lair:7)
  5 fire crabs
  28 moths of wrath
  18 elephants
  12 rock trolls
  3 black mambas
  An ice dragon zombie (Vaults:2)
  4 eyes of devastation
  139 slime creatures
  77 yaktaurs
  3 ettin skeletons
  2 griffon skeletons
  3 orange demons (Tomb:1)
  2 queen ants
  4 small abominations
  2 humans (D:14)
  2 spiny worm zombies
  5 hellwings
  A fire giant simulacrum (Vaults:3)
  2 ice dragon skeletons
  3 dragon skeletons
  100 guardian mummies
  3 hill giant zombies
  2 mermaids (shapeshifter)
  A black mamba skeleton (Crypt:1)
  121 ugly things
  A wandering mushroom (D:17)
  2 giant leech zombies
  12 demonic crawlers
  13 spiny frogs
  5 silent spectres
  2 spriggan skeletons
  8 mermaids
  A spriggan (D:7)
  Sonja (D:10)
  16 trolls
  8 iron devils
  8 komodo dragons
  A rock troll zombie (Vaults:5)
  35 blink frogs
  A deep troll zombie (Crypt:5)
  5 trapdoor spider simulacra
  5 human zombies
  An agate snail zombie (Vaults:3)
  12 snapping turtles
  2 baby alligator zombies
  33 two-headed ogres
  A brown ooze (shapeshifter) (D:16)
  A human skeleton (Crypt:5)
  2 deep troll skeletons
  27 jumping spiders
  4 bumblebees (D:26)
  A grizzly bear (shapeshifter) (D:20)
  10 blue devils
  A rotting hulk (Crypt:3)
  16 brown oozes
  A rock troll skeleton (D:22)
  A dragon simulacrum (D:20)
  2 wyverns
  A lindwurm zombie (Crypt:5)
  2 basilisks
  4 vampires
  2 blink frog zombies
  2 bumblebees (shapeshifter)
  A hog zombie (Crypt:2)
  16 orb spiders
  39 tarantellas
  A spiny frog skeleton (Crypt:4)
  6 sharks
  10 wraiths
  A fire crab zombie (D:15)
  9 hell beasts
  A merfolk skeleton (Crypt:2)
  14 deep elf conjurers
  A steam dragon (D:14)
  53 yaks
  2 fire drakes
  2 fire elementals (D:15)
  10 hippogriffs
  8 metal gargoyles (Hell)
  A hog skeleton (Crypt:1)
  A lindwurm skeleton (Tomb:3)
  A swamp dragon skeleton (Crypt:2)
  22 deep elf summoners
  Grum (D:8)
  68 redbacks
  A redback (shapeshifter) (Vaults:8)
  5 merfolk (shapeshifter)
  3 wood golems
  6 ynoxinuls
  3 chaos spawn
  3 neqoxecs
  6 golden eyes
  33 trapdoor spiders
  30 merfolk
  6 rock worms
  19 deep elf fighters
  15 boulder beetles
  2 draconians (shapeshifter) (Vaults:8)
  11 hell hounds
  13 war dogs
  6 hungry ghosts
  A manticore (shapeshifter) (D:26)
  2 cyclops zombies
  22 vampire mosquitoes
  A giant slug zombie (Vaults:4)
  8 swamp worms (Lair:1)
  2 yaktaur zombies
  13 manticores
  4 mottled dragons
  25 necrophages
  35 soldier ants
  2 mermaid skeletons
  An orange crystal statue (D:20)
  3 wyvern skeletons
  3 yaktaur skeletons
  14 freezing wraiths
  2 manticore zombies
  11 deep elf priests
  68 orc warriors
  7 red devils
  9 phantoms
  A kobold demonologist (D:19)
  5 boulder beetle zombies
  2 cyclops skeletons
  4 ice beasts
  A black bear (Lair:1)
  A manticore skeleton (Tomb:1)
  4 yellow wasps
  10 giant goldfish
  2 bumblebee zombies
  A hippogriff zombie (Crypt:5)
  6 troll zombies
  76 ogres
  73 centaurs
  A grizzly bear skeleton (Tomb:1)
  15 deep elf magi
  5 rotting devils
  16 crocodiles
  A troll skeleton (Crypt:5)
  5 boring beetles
  7 lava worms (Hell)
  13 giant slugs
  19 wargs
  2 basilisk zombies
  15 water moccasins
  A boring beetle zombie (D:19)
  A mermaid simulacrum (Crypt:3)
  6 big kobolds
  2 brain worms
  A wolf skeleton (Tomb:3)
  15 giant frogs
  A warg (shapeshifter) (D:19)
  A giant frog skeleton (Crypt:4)
  A water moccasin (shapeshifter) (D:16)
  A yellow wasp zombie (Crypt:5)
  Blork the orc (D:5)
  A warg zombie (Crypt:2)
  2 water moccasin skeletons
  7 agate snails
  A black bear skeleton (Crypt:2)
  3 warg skeletons
  10 eyes of draining
  A two-headed ogre skeleton (Crypt:4)
  27 killer bees
  10 lava fish
  A mottled dragon zombie (Crypt:5)
  18 wights
  16 electric eels
  A pulsating lump (Slime:6)
  A felid skeleton (Tomb:1)
  3 goliath beetles
  A pulsating lump (shapeshifter) (Crypt:1)
  3 big kobold skeletons
  6 crimson imps
  2 deep dwarf skeletons
  7 ogre zombies
  24 orc priests
  A tengu skeleton (Crypt:2)
  8 lava snakes
  4 jellyfish
  A quasit (D:6)
  2 hound zombies
  4 soldier ant simulacra
  16 spiders
  4 scorpions
  31 shadows
  8 hounds
  10 big fish
  12 porcupines
  2 hound skeletons
  4 orange rats
  28 orc wizards
  2 orange rat zombies (Hell)
  48 worker ants
  25 deep elf soldiers
  2 naga skeletons
  5 iguanas
  A worker ant zombie (D:7)
  10 sheep
  A swamp drake zombie (Crypt:4)
  A demigod simulacrum (Tomb:2)
  17 boggarts
  29 jellies
  A goliath beetle zombie (D:11)
  A worker ant simulacrum (Tomb:1)
  48 mummies
  3 lemures
  21 adders
  59 flying skulls
  5 giant centipedes
  4 gnolls (D:10)
  2 scorpion zombies (Crypt:1)
  A sheep zombie (Crypt:4)
  An inept feature mimic (Orc:2)
  2 sheep skeletons (Crypt:1)
  4 giant mites
  46 green rats
  2 white imps
  13 worms
  14 ufetubi
  A giant mite zombie (Crypt:2)
  2 grey rats
  A bat zombie (D:7)
  8 giant eyeballs
  2 gnoll zombies
  A gnoll skeleton (Crypt:4)
  2 green rat skeletons
  8 oozes
  175 orcs
  5 ball pythons
  52 bats
  11 giant cockroaches
  16 hobgoblins
  34 jackals
  15 quokkas
  11 ant larvae (Spider:3)
  An ant larva zombie (Crypt:2)
  A ball python simulacrum (Tomb:2)
  11 giant geckos
  12 giant newts
  A giant newt skeleton (Tomb:2)
  A giant newt zombie (Crypt:5)
  2 giant spores
  16 goblins
  2 goblin skeletons
  3 goblin zombies (D:11)
  A hobgoblin skeleton (Crypt:3)
  6 hobgoblin zombies (D:11)
  5 illusory rakshasas
  A jackal zombie (D:6)
  42 kobolds
  A kobold skeleton (D:5)
  2 kobold zombies
  6 orc skeletons
  18 orc zombies
  A quokka zombie (Crypt:5)
  24 rats
  5 rat skeletons
  2 ballistomycetes
  5 bushes (Lair:8)
  A crawling corpse (Vaults:2)
  11 fungi
  41 plants
  79 toadstools
4308 creatures vanquished.

Vanquished Creatures (collateral kills)
  Menkaure (D:5)
  2 soldier ants (D:13)
  A killer bee (D:15)
  2 crimson imps
  An orc priest (D:5)
  3 worker ants
  An orc (D:9)
11 creatures vanquished.

Vanquished Creatures (others)
  A draconian zealot (Zot:1)
  An unseen horror (Vaults:2)
  A pale draconian zombie (Zot:5)
  A human (Vaults:2)
  A wolf spider (Spider:1)
  A sixfirhy (Hell)
  A necromancer (Crypt:5)
  An alligator skeleton (Tomb:1)
  An orange demon (Hell)
  A yaktaur (D:27)
  A spriggan skeleton (Crypt:3)
  A wandering mushroom (Vaults:2)
  4 yaks (Lair:8)
  A hog skeleton (Tomb:2)
  A manticore (Shoals:2)
  A soldier ant (D:13)
  5 dwarves (Vaults:2)
  2 ogres (Vaults:7)
  An orc warrior (Vaults:3)
  A giant goldfish (Spider:2)
  A rotting devil (Tomb:1)
  A war dog skeleton (Tomb:1)
  A wight (Tomb:1)
  An elf (Vaults:2)
  A goliath beetle (Spider:1)
  An orc priest (D:23)
  2 crimson imps (D:5)
  2 big fish
  2 orc wizards (D:26)
  A porcupine (Lair:5)
  A mummy (Tomb:1)
  11 green rats
  A scorpion zombie (D:9)
  3 shadow imps
  A giant centipede (D:14)
  3 white imps
  An ufetubus (Tomb:1)
  7 orcs
  6 jackals
  A quokka (Lair:4)
  4 giant spores
  A goblin (D:3)
  A goblin skeleton (Tomb:2)
  A goblin zombie (D:5)
  A kobold skeleton (Crypt:1)
  An orc zombie (D:9)
  2 rats
  17 fungi
  10 plants
  4 tentacles (Shoals:5)
  27 tentacle segments (Shoals:5)
  510 toadstools
655 creatures vanquished.

Grand Total: 4974 creatures vanquished

Notes
Turn   | Place    | Note
--------------------------------------------------------------
     0 | D:1      | AbSynth, the Demonspawn Wizard, began the quest for the Orb.
     0 | D:1      | Reached XP level 1. HP: 11/11 MP: 5/5
   357 | D:1      | Gained mutation: You are partially covered in rough black scales (AC +4, Dex -1). [demonic ancestry]
   357 | D:1      | Reached XP level 2. HP: 9/17 MP: 1/7
   385 | D:1      | Found a glowing golden altar of the Shining One.
   713 | D:1      | Learned a level 2 spell: Blink
  1336 | D:2      | Reached skill level 1 in Translocations
  1480 | D:2      | Gained mutation: You have sharp toenails. [demonic ancestry]
  1480 | D:2      | Reached XP level 3. HP: 22/22 MP: 9/9
  1551 | D:2      | Learned a level 3 spell: Mephitic Cloud
  1643 | D:2      | Found a burning altar of Makhleb.
  1673 | D:2      | Noticed Terence
  2475 | D:3      | Gained mutation: You can steal the life force of nearby defeated enemies. [demonic ancestry]
  2475 | D:3      | Reached XP level 4. HP: 24/28 MP: 6/11
  2538 | D:3      | Learned a level 3 spell: Conjure Flame
  2712 | D:3      | Reached skill level 1 in Air Magic
  3387 | D:3      | Reached skill level 1 in Fire Magic
  3668 | D:4      | Found an iron altar of Okawaru.
  3703 | D:4      | Noticed a phantom
  3835 | D:4      | Found a glowing drain.
  3948 | D:4      | Gained mutation: You have razor-sharp toenails. [demonic ancestry]
  3948 | D:4      | Reached XP level 5. HP: 29/33 MP: 3/13
  3963 | Sewer    | Entered a sewer
  4058 | Sewer    | Reached skill level 1 in Poison Magic
  4642 | D:4      | Learned a level 2 spell: Repel Missiles
  4668 | D:4      | Reached skill level 4 in Spellcasting
  4668 | D:4      | Gained mutation: You are slightly more attuned to the shadows. [demonic ancestry]
  4668 | D:4      | Reached XP level 6. HP: 29/39 MP: 8/16
  5035 | D:4      | Got a droning book
  5036 | D:4      | Identified Oshrohodgh's Volume of Boosts (You found it on level 4 of the Dungeon)
  5151 | D:5      | Entered Level 5 of the Dungeon
  5273 | D:5      | You fall through a shaft!
  5288 | D:8      | Noticed a wood golem
  5442 | D:7      | Paralysed by a giant eyeball for 3 turns
  5449 | D:7      | Found a glowing golden altar of the Shining One.
  5517 | D:6      | Paralysed by a giant eyeball for 2 turns
  5602 | D:5      | Noticed Menkaure
  5605 | D:5      | Found a deep blue altar of Sif Muna.
  5605 | D:5      | Noticed Blork the orc
  5782 | D:4      | Killed a phantom
  5782 | D:4      | Reached XP level 7. HP: 44/44 MP: 9/18
  5886 | D:4      | Learned a level 2 spell: Call Imp
  6182 | D:5      | Killed Menkaure
  6310 | D:5      | Killed Blork the orc
  6422 | D:5      | Became a worshipper of Sif Muna the Loreminder
  6809 | D:5      | Found a staircase to the Ecumenical Temple.
  6864 | D:5      | HP: 2/44 [crimson imp/wand of lightning (18)]
  6869 | Temple   | Entered the Ecumenical Temple
  7844 | D:6      | Found a basalt altar of Yredelemnul.
  8168 | D:6      | Gained mutation: You are mostly covered in rough black scales (AC +7, Dex -2). [demonic ancestry]
  8168 | D:6      | Reached XP level 8. HP: 50/50 MP: 8/20
  8334 | D:6      | Acquired Sif Muna's first power
  8334 | D:6      | Reached skill level 5 in Spellcasting
  8334 | D:6      | Reached skill level 1 in Charms
  8498 | D:6      | Reached skill level 5 in Conjurations
  9287 | D:7      | Noticed a spriggan baker
  9301 | D:7      | Killed a spriggan baker
  9301 | D:7      | Acquired Sif Muna's second power
  9334 | D:7      | Gained mutation: You are agile (Dex +1). [potion of gain dexterity]
  9481 | D:7      | Gained mutation: You tend to lose your temper in combat. [potion of mutation]
  9481 | D:7      | Gained mutation: Your vision is a little blurry. [potion of mutation]
  9481 | D:7      | Gained mutation: Your spells are a little harder to cast, but a little more powerful. [potion of mutation]
  9483 | D:7      | Acquired Sif Muna's third power
  9483 | D:7      | Reached skill level 8 in Spellcasting
  9483 | D:7      | Reached skill level 9 in Conjurations
  9483 | D:7      | Reached XP level 9. HP: 55/55 MP: 20/25
  9558 | D:7      | Received a gift from Sif Muna
  9558 | D:7      | Reached skill level 12 in Spellcasting
  9558 | D:7      | Reached XP level 10. HP: 61/61 MP: 25/29
  9565 | D:7      | Learned a level 1 spell: Flame Tongue
  9570 | D:7      | Learned a level 4 spell: Sticky Flame
  9574 | D:7      | Learned a level 3 spell: Flight
  9581 | D:7      | Learned a level 3 spell: Inner Flame
  9588 | D:7      | Learned a level 5 spell: Fireball
  9632 | D:7      | Received a gift from Sif Muna
  9633 | D:7      | Got a black book {god gift}
  9634 | D:7      | Identified Sif Muna's Tome of the Eleven Gods {god gift} (Sif Muna gifted it to you on level 7 of the Dungeon)
  9959 | D:7      | Reached XP level 11. HP: 66/66 MP: 28/30
 10233 | D:7      | Reached skill level 1 in Hexes
 10673 | D:7      | Killed a wood golem
 10765 | D:8      | Noticed a stone golem
 10841 | D:8      | Noticed a wood golem
 10858 | D:7      | Killed a wood golem
 10858 | D:7      | Reached skill level 10 in Conjurations
 10994 | D:8      | Found a staircase to the Lair.
 10996 | D:8      | Noticed a fire drake
 11020 | D:8      | Killed a fire drake
 11073 | Lair:1   | Entered Level 1 of the Lair of Beasts
 12501 | Lair:1   | Noticed Gastronok
 12530 | Lair:1   | Killed Gastronok
 12530 | Lair:1   | Reached skill level 5 in Invocations
 13180 | Lair:1   | Noticed Waterpls' ghost (experienced OpWz)
 13192 | Lair:1   | Killed Waterpls' ghost
 13616 | Lair:2   | Received a gift from Sif Muna
 13617 | Lair:2   | Got a black book {god gift}
 13618 | Lair:2   | Identified Sif Muna's Collected Works on Cold {god gift} (Sif Muna gifted it to you on level 2 of the Lair of Beasts)
 13785 | Lair:2   | Reached skill level 5 in Fire Magic
 13839 | Lair:2   | Reached skill level 1 in Fighting
 14207 | Lair:2   | Gained mutation: You are significantly more attuned to the shadows. [demonic ancestry]
 14207 | Lair:2   | Reached XP level 12. HP: 72/74 MP: 19/31
 15684 | Lair:3   | Reached skill level 1 in Traps & Doors
 15689 | Lair:3   | Reached skill level 5 in Air Magic
 16410 | Lair:3   | Found a hole to the Spider Nest.
 17046 | Lair:4   | Noticed a death yak
 17047 | Lair:4   | Noticed a death yak
 17049 | Lair:4   | Noticed a death yak
 17602 | Lair:4   | Noticed a death yak
 17625 | Lair:4   | Killed a death yak
 17790 | Lair:4   | Killed a death yak
 17910 | Lair:4   | Noticed a death yak
 17910 | Lair:4   | Noticed a death yak
 17920 | Lair:4   | Killed a death yak
 17925 | Lair:4   | Killed a death yak
 17942 | Lair:4   | Killed a death yak
 17989 | Lair:4   | Killed a death yak
 18412 | Lair:4   | Noticed a five-headed hydra
 18417 | Lair:4   | Killed a five-headed hydra
 18417 | Lair:4   | Received a gift from Sif Muna
 18793 | Lair:4   | Learned a level 4 spell: Control Teleport
 19238 | Lair:2   | Gained mutation: Your mind is acute (Int +1). [potion of gain intelligence]
 19616 | Lair:5   | Reached skill level 5 in Fighting
 20005 | Lair:5   | Gained mutation: You can steal the life force of defeated enemies. [demonic ancestry]
 20005 | Lair:5   | Reached XP level 13. HP: 61/85 MP: 9/32
 20206 | Lair:5   | Noticed a death yak
 20207 | Lair:5   | Noticed a death yak
 20209 | Lair:5   | Noticed a death yak
 20210 | Lair:5   | Noticed a death yak
 20229 | Lair:5   | Killed a death yak
 20229 | Lair:5   | Reached skill level 10 in Invocations
 20248 | Lair:5   | Noticed a death yak
 20358 | Lair:5   | Reached skill level 5 in Dodging
 20452 | Lair:5   | Killed a death yak
 20731 | Lair:5   | Found a staircase to the Shoals.
 20786 | Lair:5   | Reached skill level 5 in Charms
 20786 | Lair:5   | Reached skill level 5 in Translocations
 20974 | Lair:5   | Killed a death yak
 20977 | Lair:5   | Killed a death yak
 20978 | Lair:5   | Killed a death yak
 21672 | Lair:6   | Reached skill level 5 in Traps & Doors
 21824 | Lair:6   | Reached skill level 5 in Poison Magic
 21837 | Lair:6   | Reached skill level 5 in Hexes
 21922 | Lair:6   | Found a viscous altar of Jiyva.
 21923 | Lair:6   | Found a staircase to the Slime Pits.
 22286 | Lair:6   | Reached skill level 5 in Summonings
 24160 | Lair:7   | Received a gift from Sif Muna
 24161 | Lair:7   | Got a levitating book {god gift}
 24162 | Lair:7   | Identified Sif Muna's Incunabulum of Flying Attacks {god gift} (Sif Muna gifted it to you on level 7 of the Lair of Beasts)
 24339 | Lair:8   | Entered Level 8 of the Lair of Beasts
 26231 | Lair:2   | Paralysed by a potion of paralysis for 5 turns
 26364 | D:8      | Noticed a necrophage
 26367 | D:8      | Killed a necrophage
 26380 | D:8      | Noticed a manticore
 26389 | D:8      | Killed a manticore
 26556 | D:8      | Noticed a wood golem
 26563 | D:8      | Killed a wood golem
 26748 | D:8      | Noticed a war dog
 26748 | D:8      | Noticed a war dog
 26750 | D:8      | Noticed a war dog
 26751 | D:8      | Noticed Grum
 26757 | D:8      | Killed a war dog
 26785 | D:8      | Killed a war dog
 26838 | D:8      | Killed a war dog
 26863 | D:8      | Killed Grum
 27445 | D:9      | Noticed Joseph
 27462 | D:9      | Killed Joseph
 27632 | D:9      | Noticed Erolcha
 27633 | D:9      | Noticed Maurice
 27667 | D:9      | Killed Maurice
 27667 | D:9      | Killed Erolcha
 27667 | D:9      | Gained mutation: You can steal the life force of all defeated enemies in sight. [demonic ancestry]
 27667 | D:9      | Reached XP level 14. HP: 88/91 MP: 6/33
 27893 | D:10     | Entered Level 10 of the Dungeon
 28114 | D:10     | Noticed Sonja
 28130 | D:10     | Killed Sonja
 28188 | D:10     | Noticed Josephine
 28221 | D:10     | Killed Josephine
 28648 | D:10     | Found Yreguim's Weapon Boutique.
 29204 | D:11     | Found a staircase to the Orcish Mines.
 29669 | D:11     | Received a gift from Sif Muna
 29674 | D:11     | Learned a level 2 spell: Swiftness
 29761 | Orc:1    | Entered Level 1 of the Orcish Mines
 29761 | Orc:1    | Found a bloodstained altar of Trog.
 29893 | Orc:2    | Found Nafiote's Jewellery Boutique.
 29907 | Orc:2    | Bought an uncursed ring of wizardry for 420 gold pieces
 29907 | Orc:2    | Bought an uncursed amulet of inaccuracy for 28 gold pieces
 29907 | Orc:2    | Bought the ring of Ateuntiu {Hunger- Dam+3} for 431 gold pieces
 29964 | Orc:2    | Found Pejis' Magic Scroll Boutique.
 29968 | Orc:2    | Bought a scroll of holy word for 105 gold pieces
 30276 | Orc:1    | Found a bloodstained altar of Trog.
 30812 | Orc:2    | Noticed Harold
 30826 | Orc:2    | Killed Harold
 30826 | Orc:2    | Reached skill level 10 in Air Magic
 30959 | Orc:4    | Entered Level 4 of the Orcish Mines
 30988 | Orc:4    | Found a roughly hewn altar of Beogh.
 31098 | Orc:4    | Found a staircase to the Elven Halls.
 31132 | Orc:4    | Noticed Nergalle
 31188 | Orc:4    | Killed Nergalle
 31705 | Orc:4    | Found Yvinasch's General Store.
 31705 | Orc:4    | Found Jeefav's Magical Wand Shoppe.
 31710 | Orc:4    | Bought a scroll of immolation for 14 gold pieces
 32017 | Orc:4    | Found a roughly hewn altar of Beogh.
 32256 | Orc:4    | Paralysed by an orc sorcerer for 5 turns
 32554 | Orc:4    | Found Ohu Quah's Magic Scroll Shop.
 32554 | Orc:4    | Found Ohyveyte's Magical Wand Shoppe.
 32746 | Orc:4    | Bought a scroll of identify for 24 gold pieces
 32746 | Orc:4    | Bought a scroll of curse weapon for 24 gold pieces
 34714 | D:12     | Received a gift from Sif Muna
 34715 | D:12     | Got a rare book {god gift}
 34716 | D:12     | Identified Sif Muna's Volume of Conjuration and Weightlessness {god gift} (Sif Muna gifted it to you on level 12 of the Dungeon)
 35676 | D:12     | Found a white marble altar of Elyvilon.
 37322 | D:13     | Gained mutation: Your flesh is cold resistant. [demonic ancestry]
 37322 | D:13     | Reached XP level 15. HP: 97/97 MP: 29/35
 37324 | D:13     | Found Weametu's Magical Wand Shop.
 37351 | D:13     | Bought a wand of disintegration (14) for 252 gold pieces
 37890 | D:14     | Entered Level 14 of the Dungeon
 38109 | D:14     | Reached skill level 13 in Spellcasting
 38139 | D:14     | Reached skill level 10 in Fire Magic
 38392 | D:14     | Learned a level 6 spell: Freezing Cloud
 38458 | D:14     | Received a gift from Sif Muna
 38459 | D:14     | Got a rare book {god gift}
 38460 | D:14     | Identified Sif Muna's Collected Works on the Rocks and Bewitchment {god gift} (Sif Muna gifted it to you on level 14 of the Dungeon)
 39126 | D:14     | Found Tacoahew's Antique Armour Boutique.
 39176 | D:14     | Bought a heavily runed cloak for 210 gold pieces
 39177 | D:14     | Identified the +0 cloak "Grys" (You bought it in a shop on level 14 of the Dungeon)
 40437 | D:14     | Found a staircase to the Vaults.
 40599 | Vaults:1 | Entered Level 1 of the Vaults
 40641 | D:14     | Reached skill level 1 in Ice Magic
 40937 | Vaults:1 | Noticed a sphinx
 41030 | D:15     | Entered Level 15 of the Dungeon
 41411 | D:15     | Found Lemeat's Magic Scroll Shop.
 41438 | D:15     | Found a labyrinth entrance.
 41442 | Lab      | Entered a labyrinth
 42381 | Lab      | Got a crude turquoise ring
 42382 | Lab      | Got an encrusted leather armour
 42440 | D:15     | Identified the +2 leather armour "Toeleid" (You found it in a labyrinth)
 42442 | D:15     | Identified the cursed ring of Dishonour (You found it in a labyrinth)
 42712 | Lair:2   | DreamPower: hello, why do you put sp many things down?) you have different sets on different places?
 42712 | Lair:2   | AbSynth: no
 42712 | Lair:2   | AbSynth: L2 is my stash
 42712 | Lair:2   | AbSynth: and drop stuff depending on category
 42712 | Lair:2   | AbSynth: my ocd commands it :D
 42712 | Lair:2   | DreamPower: I know, so how do you use it later?)heh)
 42712 | Lair:2   | DreamPower: can you show your mutations to this level?)
 42712 | Lair:2   | AbSynth: sure
 42712 | Lair:2   | AbSynth: I ID drank a mutation potion
 42712 | Lair:2   | DreamPower: yeah it s reallu cool)
 42712 | Lair:2   | AbSynth: wild magic 1 is cool but bersekeritis sucks
 42712 | Lair:2   | AbSynth: powered by death 3 is pretty awesome
 42712 | Lair:2   | DreamPower: How do you show it?
 42712 | Lair:2   | AbSynth: Ctrl+A
 42712 | Lair:2   | DreamPower: Oh ok)
 42712 | Lair:2   | AbSynth: i meant shift A
 42712 | Lair:2   | AbSynth: soz
 42717 | Lair:2   | DreamPower: I try to grow as a demonspawn on sprint, because of funny mutations)
 42717 | Lair:2   | DreamPower: So what the your start profession?
 42717 | Lair:2   | AbSynth: wizard
 42717 | Lair:2   | DreamPower: Oh, so i try him)
 42717 | Lair:2   | AbSynth: foxus on spellcasting conj fire air poison skills
 42717 | Lair:2   | AbSynth: abuse conjure flame/meph cloud
 42717 | Lair:2   | AbSynth: now trying to get good spellcasting on freezing cloud
 42719 | Lair:2   | DreamPower: Thank you very much, try to use it on practise)
 42727 | Lair:2   | DreamPower: I come back later)
 42736 | Lair:2   | Learned a level 5 spell: Ignite Poison
 43089 | D:15     | Noticed Louise
 43909 | D:15     | Noticed Aizul
 43940 | D:15     | Noticed Azrael
 44443 | Spider:1 | Entered Level 1 of the Spider Nest
 44926 | Spider:1 | Noticed Donald
 45111 | Spider:1 | Killed Donald
 45111 | Spider:1 | Received a gift from Sif Muna
 45112 | Spider:1 | Got a yellowed book {god gift}
 45116 | Lair:3   | Identified Sif Muna's Handbook of Boosting Weightlessness {god gift} (Sif Muna gifted it to you on level 1 of the Spider Nest)
 45738 | Spider:1 | Noticed Fannar
 46141 | Spider:1 | Killed Fannar
 46141 | Spider:1 | Reached skill level 5 in Ice Magic
 46327 | Spider:1 | Noticed Nikola
 46580 | Spider:1 | Killed Nikola
 46596 | Spider:1 | HP: 4/97 [wolf spider (13)]
 46932 | Lair:3   | Identified a +0 cloak of preservation (You took it off Nikola on level 1 of the Spider Nest)
 48070 | Spider:2 | Gained mutation: You have claws for feet. [demonic ancestry]
 48070 | Spider:2 | Reached XP level 16. HP: 97/104 MP: 15/36
 48914 | Spider:2 | Noticed Arachne
 49211 | Spider:2 | Killed Arachne
 49592 | Spider:3 | Got a smoking bow
 49988 | Lair:2   | Identified the cursed -1,-4 bow "Bulussaju" (You found it on level 3 of the Spider Nest)
 50258 | Elf:1    | Entered Level 1 of the Elven Halls
 50447 | Elf:1    | Reached skill level 14 in Spellcasting
 50799 | Elf:1    | Received a gift from Sif Muna
 50800 | Elf:1    | Got an inconspicuous book {god gift}
 51231 | Elf:1    | Identified Mungemiass' Reference Book on Buffs and Venom {god gift} (Sif Muna gifted it to you on level 1 of the Elven Halls)
 51244 | Elf:1    | Found a shimmering altar of Xom.
 51251 | Elf:1    | Found Fowyakez's Armour Emporium.
 51329 | Elf:1    | Noticed Agnes
 51348 | Elf:1    | Killed Agnes
 51717 | Elf:1    | Found Uliur's Weapon Shoppe.
 52657 | Elf:2    | Noticed Roxanne
 52941 | Elf:2    | HP: 1/104 [reaper/glowing scythe[a Zot trap] (45)]
 53608 | Elf:3    | Entered Level 3 of the Elven Halls
 53829 | Elf:3    | Found Plog's Assorted Antiques.
 54591 | Elf:3    | Reached skill level 1 in Shields
 54899 | Elf:3    | Noticed a deep elf blademaster
 54907 | Elf:3    | Killed a deep elf blademaster
 54907 | Elf:3    | Reached skill level 5 in Shields
 54907 | Elf:3    | Killed a deep elf blademaster
 55516 | Elf:3    | Got a crude dagger
 55992 | Elf:3    | Reached skill level 15 in Spellcasting
 56140 | Elf:3    | Cast into the Abyss (deep elf sorcerer)
 56141 | Abyss    | Leissi: DUN DUN DUNNNN
 56141 | Abyss    | AbSynth: for fuck's sake
 56141 | Abyss    | Leissi: you shouldn't be worried, you got RMsl, swiftness and hopefully means of levitating/flying
 56141 | Abyss    | AbSynth: let's hope so
 56278 | Abyss    | Leissi: 0.8 movespeed should keep you well enough out of harms way, unless you really botch things
 56325 | Abyss    | Noticed a tentacled monstrosity
 56328 | Abyss    | Leissi: run
 56328 | Abyss    | Leissi: RUN
 56346 | Abyss    | Leissi: that tentacled monstrosity will squeeze your bones and then some
 56599 | Abyss    | Noticed a lich
 56633 | Abyss    | Found a radiant altar of Vehumet.
 56819 | Abyss    | AbSynth: hell yeah
 56819 | Abyss    | AbSynth: now watch me get banished again by that bastard as soon as I'm back
 56819 | Abyss    | AbSynth: crawl hates me
 56819 | Abyss    | Leissi: move to gate -> "You are sent to another region of the abyss!"
 56819 | Abyss    | Leissi: no wait
 56819 | Abyss    | Leissi: switch a ring to resist magic if you got any
 56819 | Abyss    | AbSynth: stasis doesn't protect vs banishment right?
 56819 | Abyss    | Leissi: no
 56819 | Abyss    | Leissi: protection from magic is your best bet against banish in any case
 56822 | Elf:3    | Escaped the Abyss.
 56842 | Elf:3    | Leissi: I suggest you take it on at melee range
 56850 | Elf:3    | Leissi: it'll choose to swing weapon more often than cast spells
 56922 | Elf:3    | Leissi: wait, is that powered by death-muattion?
 56941 | Elf:3    | Leissi: mu-ta-ti-on. Because that's definitely one of the better ones.
 56944 | Elf:3    | AbSynth: yeah rank 3
 56944 | Elf:3    | AbSynth: it's awesome
 56944 | Elf:3    | AbSynth: don't mind lurry vision much
 56944 | Elf:3    | Leissi: aw snap, berserkitis
 56944 | Elf:3    | AbSynth: berserkertitis sucks
 56944 | Elf:3    | Leissi: no wonder you avoid melee
 56944 | Elf:3    | AbSynth: yeah
 56944 | Elf:3    | Leissi: berserk tits :(
 56944 | Elf:3    | AbSynth: yup
 56944 | Elf:3    | AbSynth: 1% chance
 56944 | Elf:3    | AbSynth: toadstools sucks ass
 56944 | Elf:3    | Leissi: hahahaha
 56944 | Elf:3    | Leissi: rank 2 scales, do black scales give immunity to anything?
 56944 | Elf:3    | AbSynth: no
 56944 | Elf:3    | AbSynth: -DEX
 56944 | Elf:3    | AbSynth: 1 per rank
 56944 | Elf:3    | AbSynth: at rank 3 -3 dex but 10ac
 56944 | Elf:3    | Leissi: you'll need that +AC though, never hurts
 56944 | Elf:3    | AbSynth: yeah
 56944 | Elf:3    | AbSynth: wild magic is pretty cool
 56944 | Elf:3    | Leissi: and 10 dex is enough to avoid a 1-turn statdrain death
 56944 | Elf:3    | AbSynth: I drankID a potion of mutation like at D5 or so
 56944 | Elf:3    | AbSynth: had berserktitis since then
 56944 | Elf:3    | Leissi: 1 str is barely above the limit
 56944 | Elf:3    | Leissi: best potion ever, mutation
 56944 | Elf:3    | AbSynth: so rolling this dude like a deep elf
 56944 | Elf:3    | AbSynth: pure magic
 56951 | Elf:3    | AbSynth: nightstalker is pretty cool also
 56951 | Elf:3    | Leissi: if possible, switch wiz ring to protection from magic
 57036 | Elf:3    | Leissi: mephitic cloud?
 57040 | Elf:3    | Leissi: ignite poison?
 57040 | Elf:3    | Leissi: that works too
 57040 | Elf:3    | AbSynth: yup
 57040 | Elf:3    | AbSynth: freezing cloud better
 57040 | Elf:3    | Received a gift from Sif Muna
 57041 | Elf:3    | Got an engraved book {god gift}
 57042 | Elf:3    | Leissi: oh jolly, ice storm!
 57042 | Elf:3    | AbSynth: i ned firestorm you silly Sif Muna
 57042 | Elf:3    | AbSynth: I'm fire specced
 57042 | Elf:3    | Identified Vuen Utebb's Collected Works on Ice {god gift} (Sif Muna gifted it to you on level 3 of the Elven Halls)
 57044 | Elf:3    | Leissi: yet you successfully keep casting freezing cloud no probs?
 57045 | Elf:3    | AbSynth: high conj + air
 57045 | Elf:3    | AbSynth: + ring of wizardry
 57045 | Elf:3    | AbSynth: average level 7
 57045 | Elf:3    | Leissi: train both fire and ice magic
 57045 | Elf:3    | Leissi: then ditch both and get tornado ;P
 57045 | Elf:3    | AbSynth: i only want ice for freezing cloud which I got
 57145 | Elf:3    | AbSynth: lol im an idiot
 57145 | Elf:3    | AbSynth: I should've unqielded the distortion dagger when I was in the byss
 57145 | Elf:3    | AbSynth: abyss+
 57145 | Elf:3    | AbSynth: forgot lol
 57162 | Elf:3    | Leissi: you're stuck with that now then, better not take the chance until the level is done
 57264 | Elf:3    | Reached XP level 17. HP: 109/109 MP: 26/38
 57370 | Elf:3    | Leissi: see invisible unless you got other means
 57380 | Elf:3    | Leissi: mite b useful
 57483 | Elf:3    | Leissi: why would you pick up that tome of destruction?
 57484 | Elf:3    | Leissi: you're not gonna use it anyway since you're already a wizzzzzard
 57484 | Elf:3    | AbSynth: thought it was a spellbook :P
 57487 | Elf:3    | Leissi: naw, casts a random low-level spell. I think it might be dependant on Evocations
 57539 | Elf:3    | Got a heavy robe
 57636 | Elf:3    | Identified the cursed -1 robe of Folly (You found it on level 3 of the Elven Halls)
 57643 | Elf:3    | Identified the +2,+4 dagger of Wyrd (You took it off a deep elf conjurer on level 3 of the Elven Halls)
 57649 | Elf:3    | Leissi: sublimation of blood might be useful later on
 57649 | Elf:3    | AbSynth: yeah
 57649 | Elf:3    | AbSynth: need to train necro for lichform
 57649 | Elf:3    | Leissi: regeneration is usually relatively useful, but having powered by death 3 makes zones with living enemies easier
 57665 | Elf:3    | Leissi: drink! drink! drink!
 57678 | Elf:3    | Got a black book
 57679 | Elf:3    | Leissi: chug! chug! chug! chug!
 57679 | Elf:3    | Identified The Arcane Arts, Part Four (You found it on level 3 of the Elven Halls)
 57679 | Elf:3    | Leissi: what's the worst that could happen anyway, you already ID'd mutation
 57710 | Elf:3    | AbSynth: lol
 57710 | Elf:3    | AbSynth: becasue i wan tot ID potion of cure mutation
 57724 | Elf:3    | Leissi: pfft
 57726 | Elf:3    | Leissi: quaff-identification is the only way to go, man
 57726 | Elf:3    | Got a smoking hand axe
 57728 | Elf:3    | Identified the +3,+5 hand axe of the Extremes (You took it off a deep elf priest on level 3 of the Elven Halls)
 57729 | Elf:3    | Leissi: this game doesn't even feature instant deaths through that
 57729 | Elf:3    | AbSynth: lol
 58025 | Lair:2   | Leissi: delayed fireball?
 58025 | Lair:2   | Leissi: poisonous cloud?
 58025 | Lair:2   | Leissi: or partymode, aka. mass confusion?
 58025 | Lair:2   | AbSynth: not training hexes
 58033 | Lair:2   | Learned a level 6 spell: Iron Shot
 58041 | Lair:2   | AbSynth: kk
 58041 | Lair:2   | AbSynth: let's got for Abyss round 2 maybe
 58131 | Lair:2   | Identified a +4 rod of summoning (13/13) (You found it in a labyrinth)
 58132 | Lair:2   | Identified a +4 rod of summoning (10/10) (You found it in a labyrinth)
 58133 | Lair:2   | Identified a +1 rod of venom (12/12) (You found it in a labyrinth)
 58384 | Lair:8   | AbSynth: dire elephants statues :/
 58421 | Lair:8   | Reached skill level 1 in Earth Magic
 58848 | Lair:8   | AbSynth: dire elephants swim?
 58848 | Lair:8   | Leissi: possibly
 58848 | Lair:8   | Leissi: better start running
 58864 | Lair:8   | AbSynth: pfff
 59279 | Lair:8   | Leissi: burn the trees
 59280 | Lair:8   | Leissi: BURN THEM
 59283 | Lair:8   | Leissi: there's an item inside
 59320 | Lair:8   | Leissi: sticky flame
 59323 | Lair:8   | Leissi: it won't kill you in 1 turn
 59671 | Lair:2   | AbSynth: kk - gonna take a break for dinner brb in a bit
 59671 | Lair:2   | AbSynth: later chaps
 61017 | Spider:4 | Noticed Rupert
 61061 | Spider:4 | Killed Rupert
 61887 | Spider:5 | Entered Level 5 of the Spider Nest
 61897 | Spider:5 | Reached skill level 5 in Earth Magic
 62044 | Spider:4 | Reached skill level 1 in Transmutations
 62995 | Spider:5 | Received a gift from Sif Muna
 63001 | Spider:5 | Got a graven book {god gift}
 63623 | Spider:5 | Reached skill level 5 in Transmutations
 63962 | Spider:5 | Gained mutation: You are very good at protecting items from cold. [demonic ancestry]
 63962 | Spider:5 | Reached XP level 18. HP: 112/116 MP: 28/39
 64581 | Spider:5 | Reached skill level 15 in Conjurations
 65284 | Spider:5 | Got a gossamer rune of Zot
 66177 | Lair:2   | Identified Sif Muna's Guide on Confrontation {god gift} (Sif Muna gifted it to you on level 5 of the Spider Nest)
 66338 | Shoals:1 | Entered Level 1 of the Shoals
 66710 | Shoals:1 | Found a glowing silver altar of Zin.
 66801 | Shoals:1 | Reached skill level 16 in Spellcasting
 66928 | Shoals:1 | Received a gift from Sif Muna
 66931 | Shoals:1 | Got an engraved book {god gift}
 66932 | Shoals:1 | Identified Sif Muna's Incunabulum of Gliding Protection {god gift} (Sif Muna gifted it to you on level 1 of the Shoals)
 68238 | Shoals:2 | Noticed Wiglaf
 68349 | Shoals:2 | Killed Wiglaf
 68435 | Shoals:3 | Noticed Polyphemus
 68450 | Shoals:3 | Killed Polyphemus
 68964 | Shoals:2 | Noticed Norris
 68987 | Shoals:2 | Killed Norris
 69787 | Shoals:4 | Noticed Ilsuiw
 70063 | Shoals:4 | Killed Ilsuiw
 70385 | Shoals:4 | Received a gift from Sif Muna
 70566 | Shoals:4 | Noticed Frances
 70597 | Shoals:4 | Killed Frances
 70932 | Shoals:5 | Entered Level 5 of the Shoals
 71064 | Shoals:5 | Got a pair of pitted gloves
 71066 | Shoals:5 | Identified the +0 pair of gloves of the Apprentice (You found it on level 5 of the Shoals)
 71197 | Shoals:5 | Reached skill level 17 in Spellcasting
 71202 | Shoals:5 | Gained mutation: You are completely attuned to the shadows. [demonic ancestry]
 71202 | Shoals:5 | Gained mutation: You are completely covered in rough black scales (AC +10, Dex -3). [demonic ancestry]
 71202 | Shoals:5 | Reached XP level 19. HP: 93/121 MP: 12/40
 71243 | Shoals:5 | Got a barnacled rune of Zot
 71854 | Lair:2   | Identified a rod of destruction [ice] (You took it off a deep elf priest on level 3 of the Elven Halls)
 72135 | Shoals:5 | Reached XP level 18. HP: 110/116 MP: 27/40
 72323 | Shoals:5 | Noticed Xtahua
 72323 | Shoals:5 | Reached XP level 19. HP: 101/121 MP: 31/40
 72577 | Shoals:5 | Noticed a kraken
 72605 | Shoals:5 | Noticed Boris
 72857 | Lair:2   | Learned a level 6 spell: Haste
 73078 | Vaults:1 | Killed a sphinx
 73530 | Elf:1    | Bought the +5,+8 sabre "Skuicwu" {flame, +Blink rPois rF+ rC++} for 2177 gold pieces
 74870 | Vaults:1 | Noticed Nessos
 74880 | Vaults:1 | Killed Nessos
 75328 | Vaults:1 | Noticed Saint Roka
 75342 | Vaults:1 | Killed Saint Roka
 75342 | Vaults:1 | Received a gift from Sif Muna
 75342 | Vaults:1 | Reached skill level 5 in Stealth
 75352 | Vaults:1 | Got a sparkling book {god gift}
 75441 | Vaults:1 | Identified Sif Muna's Handbook of Feathery Combat Magic {god gift} (Sif Muna gifted it to you on level 1 of the Vaults)
 75638 | Vaults:2 | Found a burning altar of Makhleb.
 75883 | Vaults:2 | Found Recufy's Armour Shop.
 77870 | Vaults:3 | Reached skill level 10 in Charms
 78495 | Vaults:3 | Reached skill level 1 in Evocations
 78607 | Vaults:3 | Found a staircase to the Crypt.
 78822 | Vaults:4 | Reached skill level 1 in Short Blades
 78845 | Vaults:4 | Got a pitted mace
 78846 | Vaults:4 | Identified the +6,-2 mace of Insomnia (You found it on level 4 of the Vaults)
 79634 | Vaults:4 | Found a portal to a secret trove of treasure.
 79846 | Vaults:4 | Reached XP level 20. HP: 118/128 MP: 29/41
 81284 | D:15     | Killed Louise
 81284 | D:15     | Reached skill level 5 in Evocations
 81483 | D:15     | Found Hoisuas' Assorted Antiques.
 81487 | D:15     | Bought a scroll of identify for 60 gold pieces
 81487 | D:15     | Bought a scroll of identify for 60 gold pieces
 81487 | D:15     | Bought a faintly glowing leather armour for 210 gold pieces
 81496 | D:15     | Identified the cursed -4 leather armour "Gipli Jona" (You bought it in a shop on level 15 of the Dungeon)
 81928 | D:15     | Bought a scroll of identify for 30 gold pieces
 81928 | D:15     | Bought a scroll of identify for 30 gold pieces
 82427 | D:15     | Killed Aizul
 82562 | D:15     | Killed Azrael
 82593 | D:15     | Reached skill level 5 in Short Blades
 83428 | D:16     | Noticed Urug
 83437 | D:16     | Killed Urug
 83830 | D:16     | Found Tisicver's Antique Armour Shop.
 84530 | Orc:2    | Bought a scroll of identify for 28 gold pieces
 84530 | Orc:2    | Bought a scroll of identify for 28 gold pieces
 84822 | Elf:1    | You fall through a shaft!
 85272 | D:16     | Received a gift from Sif Muna
 86002 | Trove    | Entered a treasure trove
 86127 | Trove    | AbSynth: what a cra treasure trove jeez
 86127 | Trove    | AbSynth: crap+
 87089 | D:17     | Found a blossoming altar of Fedhas.
 90334 | D:19     | Reached XP level 21. HP: 134/134 MP: 28/42
 90948 | Lair:2   | Learned a level 2 spell: Sublimation of Blood
 91217 | D:20     | Entered Level 20 of the Dungeon
 91224 | D:20     | Reached skill level 1 in Necromancy
 91919 | D:20     | Found Psinoewnay's Jewellery Emporium.
 91926 | D:20     | Bought an uncursed amulet of the gourmand for 540 gold pieces
 92029 | D:20     | Reached skill level 5 in Necromancy
 92208 | D:20     | Received a gift from Sif Muna
 92212 | D:20     | Got a droning book {god gift}
 92213 | D:20     | Identified Sif Muna's Reference Book on Conjuration {god gift} (Sif Muna gifted it to you on level 20 of the Dungeon)
 92908 | D:20     | You fall through a shaft!
 92908 | D:22     | Noticed Mara
 93398 | Lair:2   | Learned a level 1 spell: Shock
 93414 | Lair:2   | Learned a level 6 spell: Bolt of Cold
 93424 | Lair:2   | Learned a level 7 spell: Delayed Fireball
 94010 | D:21     | Found Buisugyf's Jewellery Shop.
 94257 | D:21     | Found a gateway to a ziggurat.
 94366 | D:21     | Noticed Frederick
 94401 | D:21     | Killed Frederick
 94524 | D:21     | Found a one-way gate to the infinite horrors of the Abyss.
 94887 | D:21     | Found a gateway to Hell.
 95448 | D:22     | Found a deep blue altar of Sif Muna.
 95462 | D:22     | Found a snail-covered altar of Cheibriados.
 95532 | D:22     | Reached skill level 10 in Necromancy
 95850 | D:22     | Noticed Mara
 95850 | D:22     | Noticed Mara
 95852 | D:22     | Killed Mara
 95874 | D:22     | Noticed Mara
 95884 | D:22     | Killed Mara
 95894 | D:22     | Killed Mara
 95927 | D:22     | Noticed AbSynth's illusion
 96140 | D:22     | Noticed Mara
 96140 | D:22     | Noticed Mara
 96154 | D:22     | Killed Mara
 96156 | D:22     | Killed Mara
 96160 | D:22     | Killed Mara
 96211 | D:22     | Received a gift from Sif Muna
 96909 | D:23     | AbSynth: ffs gief Necronomicon nao!
 96942 | D:23     | Noticed a tentacled monstrosity
 96965 | D:23     | Killed a tentacled monstrosity
 97143 | D:23     | Reached skill level 18 in Conjurations
 97165 | D:23     | Found a gateway to a ziggurat.
 97173 | D:23     | Reached XP level 22. HP: 140/140 MP: 16/42
 97180 | D:23     | sirdond: hi
 97180 | D:23     | AbSynth: Hi
 98196 | D:24     | Found a one-way gate leading to the halls of Pandemonium.
 99098 | D:24     | Received a gift from Sif Muna
 99099 | D:24     | Got a rare book {god gift}
 99100 | D:24     | Identified Sif Muna's Volume of Moulding and Earth {god gift} (Sif Muna gifted it to you on level 24 of the Dungeon)
 99249 | D:25     | Entered Level 25 of the Dungeon
100923 | Vaults:5 | Found a staircase to the Hall of Blades.
101249 | Vaults:6 | Got a droning book
101250 | Vaults:6 | Identified the Volume of Feathers (You found it on level 6 of the Vaults)
101322 | Vaults:6 | Lost mutation: Your vision is a little blurry. [potion of cure mutation]
101322 | Vaults:6 | Lost mutation: Your spells are a little harder to cast, but a little more powerful. [potion of cure mutation]
101322 | Vaults:6 | Lost mutation: You are agile (Dex +1). [potion of cure mutation]
101322 | Vaults:6 | Lost mutation: You tend to lose your temper in combat. [potion of cure mutation]
101322 | Vaults:6 | Lost mutation: Your mind is acute (Int +1). [potion of cure mutation]
101348 | Vaults:6 | Reached skill level 19 in Spellcasting
101606 | Vaults:6 | Received a gift from Sif Muna
101617 | Vaults:6 | Got a conspicuous book {god gift}
101618 | Vaults:6 | Identified Sif Muna's Volume of Helpful Evil {god gift} (Sif Muna gifted it to you on level 6 of the Vaults)
103152 | Vaults:8 | Entered Level 8 of the Vaults
103178 | Vaults:7 | Reached XP level 23. HP: 145/145 MP: 3/44
103303 | Vaults:7 | Received a gift from Sif Muna
103310 | Vaults:7 | Got a levitating book {god gift}
103311 | Vaults:7 | Identified Erolcha's Reference Book on Fiery Combat Magic {god gift} (Sif Muna gifted it to you on level 7 of the Vaults)
104245 | Vaults:8 | Got a pitted tin ring
104248 | Vaults:8 | Identified the ring "Badedaho" (You found it on level 8 of the Vaults)
104994 | Vaults:8 | Received a gift from Sif Muna
104995 | Vaults:8 | Got a graven book {god gift}
104996 | Vaults:8 | Identified Sif Muna's Intricacies of Spellcraft {god gift} (Sif Muna gifted it to you on level 8 of the Vaults)
105211 | Vaults:8 | Gained mutation: Your muscles are strong (Str +1). [potion of gain strength]
105522 | Vaults:8 | Got a silver rune of Zot
105792 | Vaults:8 | Got an amber-encrusted ring mail
105793 | Vaults:8 | Identified the cursed -3 ring mail "Omadgh" (You found it on level 8 of the Vaults)
106408 | D:16     | Bought a warped ring mail for 252 gold pieces
106408 | D:16     | Bought a bloodstained helmet for 210 gold pieces
106409 | D:16     | Identified the +2 helmet of the Lotus Blossom (You bought it in a shop on level 16 of the Dungeon)
106424 | D:16     | Identified the cursed -4 ring mail of Uxty (You bought it in a shop on level 16 of the Dungeon)
107187 | Vaults:8 | Got a warped leather armour
107280 | Vaults:8 | Reached skill level 15 in Air Magic
107321 | Vaults:8 | Reached XP level 24. HP: 127/152 MP: 14/45
107440 | Vaults:8 | Reached skill level 15 in Invocations
107503 | Vaults:8 | Received a gift from Sif Muna
107504 | Vaults:8 | Got a black book {god gift}
107895 | Lair:2   | Identified Sif Muna's Grimoire of Blows and Bruises {god gift} (Sif Muna gifted it to you on level 8 of the Vaults)
107918 | Lair:2   | Identified the cursed -4 leather armour of the Twelve Deaths (You found it on level 8 of the Vaults)
107969 | Lair:2   | Learned a level 9 spell: Tornado
108310 | D:20     | Bought the ring of Vitality {Regen HP+15} for 666 gold pieces
108369 | D:21     | Bought the ring of Smisupp {rF+ rC+ Str+4} for 744 gold pieces
109689 | D:26     | Got a transparent flail
109690 | D:26     | Identified the flail of Prudence {slay orc, +Inv rElec} (You found it on level 26 of the Dungeon)
110040 | D:26     | Received a gift from Sif Muna
110041 | D:26     | Got a sparkling book {god gift}
110042 | D:26     | Identified Sif Muna's Grimoire of Supportive Orientation {god gift} (Sif Muna gifted it to you on level 26 of the Dungeon)
110567 | D:26     | Found a magical portal.
110575 | WizLab   | Entered a wizard's laboratory
110781 | WizLab   | Got a graven book
110826 | WizLab   | Got an antique book
110828 | WizLab   | Got a graven book
110830 | WizLab   | Got a blackened book
110831 | WizLab   | Identified A Primer on Rites and Rhymes (You found it in a wizard's laboratory)
110831 | WizLab   | Identified Sophisticated Spellweaving (You found it in a wizard's laboratory)
110831 | WizLab   | Identified Roxanne's Reference Book on Unstable Stones (You found it in a wizard's laboratory)
110831 | WizLab   | Identified the Catalogue of the Harmful Volcanoes (You found it in a wizard's laboratory)
111711 | D:26     | Reached XP level 25. HP: 151/157 MP: 32/45
111748 | D:26     | Got a pitted broad axe
111752 | D:26     | Identified the broad axe of the Scavenger {freeze, rC+ MR Dex+3} (You found it on level 26 of the Dungeon)
111783 | D:27     | Entered Level 27 of the Dungeon
112011 | D:27     | Received a gift from Sif Muna
112255 | D:27     | Noticed a golden dragon
112377 | D:27     | Killed a golden dragon
112498 | D:27     | Got an ancient trident
112499 | D:27     | Identified the cursed trident "Ceubbeir" {drain, Int+2} (You found it on level 27 of the Dungeon)
112531 | D:27     | Got an amber-encrusted scale mail
112543 | D:27     | Identified the cursed -8 scale mail "Esirrumm" (You found it on level 27 of the Dungeon)
112820 | D:27     | Got a transparent war axe
112821 | D:27     | Identified the war axe "Woatseuj" {venom, Stlth--} (You found it on level 27 of the Dungeon)
112943 | D:27     | Received a gift from Sif Muna
112953 | D:27     | Got a glistering book {god gift}
112954 | D:27     | Identified Naejoabb's Disquisition on Calling {god gift} (Sif Muna gifted it to you on level 27 of the Dungeon)
113303 | D:27     | Found Estra's Magic Scroll Emporium.
113323 | D:27     | Bought a scroll of identify for 28 gold pieces
113323 | D:27     | Bought a scroll of remove curse for 42 gold pieces
113323 | D:27     | Bought a scroll of identify for 28 gold pieces
113323 | D:27     | Bought a scroll of recharging for 77 gold pieces
113323 | D:27     | Bought a scroll of identify for 28 gold pieces
113323 | D:27     | Bought a scroll of teleportation for 42 gold pieces
113323 | D:27     | Bought a scroll of identify for 28 gold pieces
113530 | Zot:1    | Entered Level 1 of the Realm of Zot
114223 | Zot:1    | Reached skill level 20 in Air Magic
114412 | Zot:1    | Received a gift from Sif Muna
114685 | Zot:1    | Noticed an orb of fire
114695 | Zot:1    | Noticed an orb of fire
115101 | Zot:1    | Killed an orb of fire
115701 | Zot:2    | Gained mutation: A frigid envelope surrounds you and freezes all who hurt you. [demonic ancestry]
115701 | Zot:2    | Reached XP level 26. HP: 164/164 MP: 40/46
115831 | Zot:2    | Noticed a golden dragon
115835 | Zot:2    | Killed a golden dragon
115948 | Zot:2    | Reached skill level 21 in Air Magic
116000 | Zot:2    | Received a gift from Sif Muna
116001 | Zot:2    | Got a conspicuous book {god gift}
116163 | Zot:2    | Identified Sif Muna's Grimoire of Creation {god gift} (Sif Muna gifted it to you on level 2 of the Realm of Zot)
117126 | Zot:3    | Received a gift from Sif Muna
117141 | Zot:3    | Reached skill level 22 in Air Magic
117142 | Zot:3    | Got a black book {god gift}
117143 | Zot:3    | Identified Sif Muna's Collected Works on Helpful Translocation {god gift} (Sif Muna gifted it to you on level 3 of the Realm of Zot)
117869 | Zot:3    | Received a gift from Sif Muna
118744 | Zot:3    | Reached skill level 23 in Air Magic
119648 | Zot:3    | Got a shimmering animal skin
119649 | Zot:3    | Identified the +2 animal skin "Ashob" (You found it on level 3 of the Realm of Zot)
119886 | D:25     | Received a gift from Sif Muna
119887 | D:25     | Got a black book {god gift}
119888 | D:25     | Identified Sif Muna's Grimoire of Calling {god gift} (Sif Muna gifted it to you on level 25 of the Dungeon)
120559 | Blade    | Entered the Hall of Blades
120672 | Blade    | Reached XP level 27. HP: 168/168 MP: 13/46
121764 | Hell     | Entered the Vestibule of Hell
121780 | Hell     | Noticed Geryon
121789 | Hell     | WildMole: Can i see your mutset?
121789 | Hell     | AbSynth: sure
121789 | Hell     | WildMole: Not bad.
121789 | Hell     | AbSynth: pwr death 3, ice 3 (tier3) black scales 3 claws 3 and nightstakler 3
121789 | Hell     | AbSynth: imjust disappointed I haven't found necromutaion though :/
121789 | Hell     | WildMole: Lol?
121789 | Hell     | WildMole: You didnt?
121789 | Hell     | AbSynth: nope
121789 | Hell     | AbSynth: was hoping to skill up fire for firestorm
121789 | Hell     | AbSynth: but didn't get that either, only ice storm once I was already in mid teens for fire
121789 | Hell     | WildMole: When i went to Abyss for 4th rune last game, Sif Muna already started giving me books with spells i have.
121789 | Hell     | AbSynth: so went tornado instead
121789 | Hell     | WildMole: Because i got every spell.
121789 | Hell     | AbSynth: yeah same here
121789 | Hell     | AbSynth: apart from the good ones lol
121789 | Hell     | WildMole: Strange.
121789 | Hell     | WildMole: But you can wait some time.
121789 | Hell     | WildMole: Scum abyss or whatever.
121789 | Hell     | AbSynth: yeah cleared zot:4
121789 | Hell     | AbSynth: orbs of fire hut though
121789 | Hell     | AbSynth: and tornado not great vs them i end up tking too much damage
121789 | Hell     | WildMole: But you will need level up Tmut and Necro.
121789 | Hell     | WildMole: Found orb at zot:1.
121789 | Hell     | WildMole: Not fun.
121789 | Hell     | AbSynth: easily done in abyss later
121789 | Hell     | AbSynth: yeah i found one at zot 1 also lol
121789 | Hell     | AbSynth: right let's see how this works
121791 | Hell     | WildMole: Dunno, got my first allrune as DsWi. And it was so easy and so boring.
121792 | Hell     | WildMole: Nmut and firestorm spam make wonders.
121799 | Hell     | WildMole: Also i believe tornado is awesomest spell in game.
121805 | Hell     | WildMole: Its like hurls everything and rotates and you fly.
121810 | Hell     | Killed Geryon
121810 | Hell     | Reached skill level 24 in Air Magic
121857 | Hell     | AbSynth: seems good in open areas
122249 | Hell     | Paralysed by a Zot trap for 3 turns
122435 | Hell     | Received a gift from Sif Muna
122438 | Hell     | AbSynth: fingers crossed
122438 | Hell     | AbSynth: I hate you Sif
123392 | Lair:2   | AbSynth: dunno if to get orb of destruction or ball lightning
123392 | Lair:2   | AbSynth: dunno if orb is that great with nightstalker 3
123398 | Lair:2   | WildMole: Orb awesum vs orbs of fire.
123403 | Lair:2   | WildMole: Or anything highresistant.
123403 | Lair:2   | WildMole: But you already got irresistable onetarget nuke, why need other?
123403 | Lair:2   | WildMole: Or isnt iron shot enough?
123403 | Lair:2   | AbSynth: yeah i guess
123403 | Lair:2   | AbSynth: lower mp and hunger as well
123403 | Lair:2   | AbSynth: first time I've got this far int he game with a caster so quite noobish :D
123424 | Lair:2   | WildMole: Lol.
123432 | Lair:1   | WildMole: Got two wins.
123784 | Hell     | WildMole: Only DsWi with necromut abuse.
123784 | Hell     | WildMole: So dont think im good.
123784 | Hell     | AbSynth: only got one with MiFi
123784 | Hell     | AbSynth: and that was 4 runes
123784 | Hell     | WildMole: About runes: how much now?
123784 | Hell     | AbSynth: plan was to necru + storm spell abuse for extended win
123784 | Hell     | AbSynth: 3
123784 | Hell     | WildMole: Go slimes.
123784 | Hell     | AbSynth: u reckon?
123784 | Hell     | WildMole: In my extended win i cleared anybody except trj before hitting XL22 or something, before getting any runes.
123784 | Hell     | WildMole: And then killed trj with 3 firestorms.
123784 | Hell     | WildMole: You got reliable storm, so i believe can do same.
123784 | Hell     | WildMole: Oh.
123784 | Hell     | WildMole: But i went slimes first, because got rmut and rcorr amulets.
123784 | Hell     | WildMole: And digging.
123784 | Hell     | WildMole: If you dont have one it could be not easy.
123784 | Hell     | WildMole: Also i believe you will be ok with abyss.
123784 | Hell     | WildMole: Just beware of boredom death.
123784 | Hell     | AbSynth: yeah abyss should be ok
123784 | Hell     | AbSynth: alreadygot banished once at Xl 16 or 17
123820 | D:21     | WildMole: Also when you get nmut, tomb/crypt will be trivial.
124150 | Lair:2   | WildMole: Highly reccomend clearing it before pans/hells.
124150 | Lair:2   | AbSynth: kk
124164 | Lair:2   | WildMole: But your resists far from good, esp without nmut.
124166 | Lair:2   | WildMole: Did elves?
124174 | Lair:2   | AbSynth: elves is done
124174 | Lair:2   | AbSynth: crypt/tomb/slime to go before hell/pan
124174 | Lair:2   | AbSynth: rCorr + r Mut + decent elemental resists should be good
124174 | Lair:2   | AbSynth: got statis amulet also
124174 | Lair:2   | AbSynth: but eyes should be easy
124295 | Slime:1  | Entered Level 1 of the Pits of Slime
124308 | Slime:1  | WildMole: I believe fireball is better.
124328 | Slime:1  | WildMole: May be because cleared it with fireballs, but like no jelly got rF.
124328 | Slime:1  | WildMole: And it always hit.
124328 | Slime:1  | WildMole: And aoe, which useful for packs.
124542 | Slime:2  | Paralysed by a giant eyeball for 2 turns
124741 | Slime:2  | WildMole: I should go, but there is one advice about Tartarus.
124742 | Slime:2  | WildMole: Because there is no spoilers about it.
124765 | Slime:2  | WildMole: Hell Force in Tartarus can spawn meatshield, some nasty 1 and silent spectre. So beware of closed spaces and prepare dFireball.
124766 | Slime:2  | WildMole: Spoilers remind this thing.
124766 | Slime:2  | AbSynth: ty
124766 | Slime:2  | WildMole: But not about silent spectres.
124766 | Slime:2  | AbSynth: i'll remember it
124766 | Slime:2  | WildMole: And they fuck up your spells and stuff.
124766 | Slime:2  | AbSynth: will carry a few wands of lightniing or fire or something
124766 | Slime:2  | WildMole: Also tp wand helps.
124766 | Slime:2  | AbSynth: u can still evoke under silence right
124766 | Slime:2  | WildMole: Yea, any wand.
124921 | Slime:2  | AbSynth: kk
124921 | Slime:2  | AbSynth: thanks for tip
124921 | Slime:2  | AbSynth: see you around o/
125815 | Slime:3  | Reached skill level 25 in Air Magic
125819 | Slime:3  | You fall through a shaft!
126074 | Slime:4  | Received a gift from Sif Muna
126075 | Slime:4  | Got a glistering book {god gift}
126076 | Slime:4  | Identified Sif Muna's Papyrus of Combat Magic {god gift} (Sif Muna gifted it to you on level 4 of the Pits of Slime)
126138 | Slime:4  | You fall through a shaft!
126259 | Slime:5  | Found a viscous altar of Jiyva.
126286 | Slime:5  | Paralysed by a giant eyeball for 2 turns
126812 | Slime:5  | Eclecticist: nice character. what's your skills look like?
126817 | Slime:5  | AbSynth: maxing out tornado atm
126817 | Slime:5  | Eclecticist: good. that's obviously a nice spell lol
126817 | Slime:5  | Eclecticist: very nice.
126817 | Slime:5  | AbSynth: spellcasting after that need to bring hunger level down
127120 | Slime:6  | Entered Level 6 of the Pits of Slime
127538 | Slime:6  | Eclecticist: lol. got to love thise area of effect spells
128228 | Slime:6  | Noticed the royal jelly
128231 | Slime:6  | Found a viscous altar of Jiyva.
128265 | Slime:6  | Killed the royal jelly
128265 | Slime:6  | Received a gift from Sif Muna
128285 | Slime:6  | Got a yellowed book {god gift}
128543 | Slime:6  | Got a transparent sabre
128545 | Slime:6  | Got a slimy rune of Zot
128572 | Slime:6  | Identified Sif Muna's Lost Secrets of Magic {god gift} (Sif Muna gifted it to you on level 6 of the Pits of Slime)
128589 | Slime:6  | Got a sparkling brass ring
128629 | Slime:6  | Got a glittering ivory ring
128636 | Slime:6  | AbSynth: finally the necronomicon
128636 | Slime:6  | Eclecticist: very nice. which spell you looking for?
128636 | Slime:6  | AbSynth: necromutation
128636 | Slime:6  | AbSynth: lichform + sifmuna mp charge skill = win tbh
128636 | Slime:6  | Eclecticist: is that the one that turns you into lich-form?
128636 | Slime:6  | AbSynth: yeah
128636 | Slime:6  | AbSynth: no hunger clock
128636 | Slime:6  | Eclecticist: i thought so lol
128636 | Slime:6  | AbSynth: i was planning for lichform + ice or firestorm
128636 | Slime:6  | Eclecticist: i've never beaten this game. so i'm a bit ignorant
128636 | Slime:6  | AbSynth: but didn't get those until late so went tornado isntead
128636 | Slime:6  | Eclecticist: indeed.
128636 | Slime:6  | AbSynth: never won crawl with a caster
128636 | Slime:6  | AbSynth: only won once a 4 rune win with MiFi
128636 | Slime:6  | Eclecticist: this might be your lucky character then lol
128636 | Slime:6  | AbSynth: hopefully :D
128655 | Slime:6  | Identified the +1,+1 sabre of the Ship (You found it on level 6 of the Pits of Slime)
128662 | Slime:6  | Identified the ring of Geisiump (You found it on level 6 of the Pits of Slime)
128663 | Slime:6  | Identified the ring of Inoison (You found it on level 6 of the Pits of Slime)
128951 | Lair:2   | Eclecticist: ouch. still gnarly low chace
128951 | Lair:2   | Eclecticist: chance*
128951 | Lair:2   | AbSynth: yeah need to skill up necromancy and transmutation
128952 | Lair:2   | Eclecticist: indeed.
128979 | Lair:2   | Learned a level 8 spell: Necromutation
128982 | Lair:2   | Eclecticist: now this is going to get interesting
128982 | Lair:2   | AbSynth: won't be able to cast it for a while
128982 | Lair:2   | Eclecticist: right.
128994 | Lair:2   | AbSynth: this is it for tonight chaps
128994 | Lair:2   | AbSynth: thanks for watching - taking a break until tomoro
128994 | Lair:2   | AbSynth: o/
128994 | Lair:2   | Eclecticist: later
129237 | Crypt:1  | Entered Level 1 of the Crypt
130349 | Crypt:1  | Received a gift from Sif Muna
130352 | Crypt:1  | Got a conspicuous book {god gift}
130353 | Crypt:1  | Identified Sif Muna's Collected Works on Creation {god gift} (Sif Muna gifted it to you on level 1 of the Crypt)
131080 | Crypt:2  | Found an ancient bone altar of Kikubaaqudgha.
131723 | Crypt:2  | Got a pair of dazzling gloves
131724 | Crypt:2  | Identified the cursed -1 pair of gloves "Hyotz" (You found it on level 2 of the Crypt)
132082 | Crypt:2  | Found a staircase to the Tomb.
132158 | Crypt:2  | Received a gift from Sif Muna
132159 | Crypt:2  | Got a black book {god gift}
132160 | Crypt:2  | Identified Sif Muna's Arcane Secrets of Casting {god gift} (Sif Muna gifted it to you on level 2 of the Crypt)
132264 | Crypt:2  | Noticed Margery
132277 | Crypt:2  | Killed Margery
135239 | Crypt:4  | Reached skill level 10 in Transmutations
136259 | Crypt:5  | Entered Level 5 of the Crypt
136419 | Crypt:5  | Gained mutation: Your mind is acute (Int +1). [potion of gain intelligence]
136444 | Crypt:5  | Received a gift from Sif Muna
137263 | Crypt:5  | Lost mutation: Your mind is acute (Int +1). [a Zot trap]
137272 | Crypt:5  | Found a basalt altar of Yredelemnul.
137276 | Crypt:5  | Noticed an ancient lich
137289 | Crypt:5  | Killed an ancient lich
137608 | Crypt:5  | Received a gift from Sif Muna
137621 | Crypt:5  | Got a sparkling book {god gift}
137623 | Crypt:5  | Identified Stosyol's Collected Works on Flamy Battle Magic {god gift} (Sif Muna gifted it to you on level 5 of the Crypt)
138708 | Tomb:1   | Entered Level 1 of the Tomb of the Ancients
139903 | Tomb:1   | Received a gift from Sif Muna
139922 | Tomb:1   | Got a levitating book {god gift}
140210 | Tomb:1   | Identified Sif Muna's Disquisition on Confrontation {god gift} (Sif Muna gifted it to you on level 1 of the Tomb of the Ancients)
140299 | Tomb:2   | Noticed a greater mummy
140301 | Tomb:2   | Noticed a greater mummy
140301 | Tomb:2   | Noticed a greater mummy
140303 | Tomb:2   | Noticed a greater mummy
140308 | Tomb:2   | Killed a greater mummy
140314 | Tomb:1   | Killed a greater mummy
140497 | Tomb:1   | Killed a greater mummy
140870 | Tomb:2   | Killed a greater mummy
140870 | Tomb:2   | Received a gift from Sif Muna
140870 | Tomb:2   | Reached skill level 15 in Necromancy
140871 | Tomb:2   | Got a conspicuous book {god gift}
140936 | Tomb:2   | Identified Sif Muna's Guide on Torrid Confrontation {god gift} (Sif Muna gifted it to you on level 2 of the Tomb of the Ancients)
141590 | Tomb:1   | Noticed a greater mummy
141629 | Tomb:1   | Killed a greater mummy
141648 | Tomb:1   | Noticed a greater mummy
141655 | Tomb:1   | Killed a greater mummy
141655 | Tomb:1   | Reached skill level 15 in Transmutations
141680 | Tomb:1   | Noticed a greater mummy
141680 | Tomb:1   | Noticed a greater mummy
141687 | Tomb:1   | Killed a greater mummy
141693 | Tomb:1   | Killed a greater mummy
141693 | Tomb:1   | Received a gift from Sif Muna
141704 | Tomb:1   | HP: 3/165 [grey draconian skeleton[a greater mummy] (10)]
142275 | Tomb:1   | Noticed a greater mummy
142283 | Tomb:1   | Killed a greater mummy
142326 | Tomb:1   | Got a graven book {god gift}
142327 | Tomb:1   | Identified Sif Muna's Volume of Shifting Sinister Secrets {god gift} (Sif Muna gifted it to you on level 1 of the Tomb of the Ancients)
142331 | Tomb:1   | Noticed a greater mummy
142337 | Tomb:1   | Killed a greater mummy
142378 | Tomb:1   | Noticed a greater mummy
142389 | Tomb:1   | Killed a greater mummy
142439 | Tomb:1   | Noticed a greater mummy
142448 | Tomb:1   | Killed a greater mummy
142996 | Tomb:1   | Noticed a greater mummy
143004 | Tomb:1   | Killed a greater mummy
143004 | Tomb:1   | Received a gift from Sif Muna
143005 | Tomb:1   | Got a graven book {god gift}
143035 | Tomb:1   | Identified Sivax's Handbook of Transmutation {god gift} (Sif Muna gifted it to you on level 1 of the Tomb of the Ancients)
143050 | Tomb:1   | Noticed a greater mummy
143092 | Tomb:1   | Killed a greater mummy
143116 | Tomb:1   | Noticed a greater mummy
143125 | Tomb:1   | Killed a greater mummy
143165 | Tomb:1   | Noticed a greater mummy
143165 | Tomb:1   | Killed a greater mummy
143202 | Tomb:1   | Noticed a greater mummy
143217 | Tomb:1   | Killed a greater mummy
143265 | Tomb:1   | Noticed a greater mummy
143272 | Tomb:1   | Killed a greater mummy
143283 | Tomb:1   | Noticed a greater mummy
143363 | Tomb:1   | Noticed a greater mummy
143369 | Tomb:1   | Killed a greater mummy
143369 | Tomb:1   | Received a gift from Sif Muna
143473 | Tomb:1   | Noticed a greater mummy
143481 | Tomb:1   | Killed a greater mummy
143504 | Tomb:1   | Got a glistering book {god gift}
143505 | Tomb:1   | Identified Sif Muna's Papyrus of Vitriolic Conjuration {god gift} (Sif Muna gifted it to you on level 1 of the Tomb of the Ancients)
143519 | Tomb:1   | Noticed a greater mummy
143531 | Tomb:1   | Killed a greater mummy
143677 | Tomb:1   | Killed a greater mummy
144257 | Tomb:3   | Entered Level 3 of the Tomb of the Ancients
144293 | Tomb:3   | Noticed Khufu
144312 | Tomb:3   | Killed Khufu
144312 | Tomb:3   | Received a gift from Sif Muna
144529 | Tomb:3   | Got a black book {god gift}
144535 | Tomb:3   | Noticed a greater mummy
144537 | Tomb:3   | Noticed a greater mummy
144542 | Tomb:3   | Killed a greater mummy
144818 | Tomb:2   | Identified Qaostrew's Reference Book on Transmutation {god gift} (Sif Muna gifted it to you on level 3 of the Tomb of the Ancients)
144827 | Tomb:3   | Noticed a greater mummy
144829 | Tomb:3   | Noticed a greater mummy
144830 | Tomb:3   | Killed a greater mummy
144841 | Tomb:2   | Killed a greater mummy
145100 | Tomb:3   | Noticed a greater mummy
145102 | Tomb:3   | Noticed a greater mummy
145104 | Tomb:3   | Killed a greater mummy
145108 | Tomb:3   | Killed a greater mummy
145108 | Tomb:3   | Received a gift from Sif Muna
145647 | Tomb:3   | Killed a greater mummy
145650 | Tomb:3   | Noticed a greater mummy
145670 | Tomb:3   | Killed a greater mummy
145684 | Tomb:3   | Got a yellowed book {god gift}
145685 | Tomb:3   | Identified Ozocubu's Incunabulum of the Excruciating Frostbite {god gift} (Sif Muna gifted it to you on level 3 of the Tomb of the Ancients)
145725 | Tomb:3   | Noticed a greater mummy
145725 | Tomb:3   | Noticed Mennas
145774 | Tomb:2   | LuTze: you got any summons?
145774 | Tomb:2   | AbSynth: nope
145774 | Tomb:2   | AbSynth: will have to give it a pass :/
145774 | Tomb:2   | LuTze: aye, safest
145774 | Tomb:2   | AbSynth: can't kill him with just one tornado
145944 | Tomb:1   | Noticed a greater mummy
145952 | Tomb:1   | Killed a greater mummy
145952 | Tomb:1   | Reached skill level 26 in Air Magic
147086 | Zot:4    | Received a gift from Sif Muna
147087 | Zot:4    | Got a droning book {god gift}
147088 | Zot:4    | Identified Sif Muna's Handbook of Damaging Stolen Souls {god gift} (Sif Muna gifted it to you on level 4 of the Realm of Zot)
147476 | Zot:5    | Entered Level 5 of the Realm of Zot
147924 | Zot:5    | Received a gift from Sif Muna
147927 | Zot:5    | Got a torn book {god gift}
147928 | Zot:5    | Identified Aren Wodd's Collected Works on Clay {god gift} (Sif Muna gifted it to you on level 5 of the Realm of Zot)
147937 | Zot:5    | Reached skill level 27 in Air Magic
148027 | Zot:5    | Noticed an ancient lich
148030 | Zot:5    | Killed an ancient lich
148055 | Zot:5    | Received a gift from Sif Muna
148060 | Zot:5    | Noticed an ancient lich
148060 | Zot:5    | Noticed an ancient lich
148083 | Zot:5    | Killed an ancient lich
148084 | Zot:5    | Killed an ancient lich
148163 | Zot:5    | Noticed an orb of fire
148234 | Zot:5    | Killed an orb of fire
148262 | Zot:5    | Got a yellowed book {god gift}
148263 | Zot:5    | Identified Sif Muna's Catalogue of Confrontation {god gift} (Sif Muna gifted it to you on level 5 of the Realm of Zot)
148272 | Zot:5    | Noticed a Killer Klown
148276 | Zot:5    | Killed a Killer Klown
148287 | Zot:5    | Noticed an ancient lich
148291 | Zot:5    | Received a gift from Sif Muna
148292 | Zot:5    | Killed an ancient lich
148304 | Zot:5    | Noticed an orb of fire
148314 | Zot:5    | Killed an orb of fire
148351 | Zot:5    | Got a colourful book {god gift}
148352 | Zot:5    | Identified Sif Muna's Tome of Nocuous Attacks {god gift} (Sif Muna gifted it to you on level 5 of the Realm of Zot)
148372 | Zot:5    | Noticed an ancient lich
148375 | Zot:5    | Killed an ancient lich
148425 | Zot:5    | Received a gift from Sif Muna
148427 | Zot:5    | Got a rare book {god gift}
148428 | Zot:5    | Identified Sif Muna's Grimoire of the Frostbite and Orientation {god gift} (Sif Muna gifted it to you on level 5 of the Realm of Zot)
148492 | Zot:5    | Noticed an orb of fire
148554 | Zot:5    | Killed an orb of fire
148854 | Zot:5    | Received a gift from Sif Muna
148857 | Zot:5    | Noticed an orb of fire
148973 | Zot:5    | Noticed an ancient lich
148986 | Zot:5    | Killed an ancient lich
149006 | Zot:5    | Got an antique book {god gift}
149009 | Zot:5    | Identified Sif Muna's Compendium of Ignition {god gift} (Sif Muna gifted it to you on level 5 of the Realm of Zot)
149038 | Zot:5    | Killed an orb of fire
149733 | Lair:2   | Learned a level 7 spell: Haunt
149736 | Lair:2   | Learned a level 1 spell: Summon Butterflies
150401 | Zot:5    | Got the Orb of Zot
151064 | D:$      | Escaped with the Orb!
